 Dungeon Crawl Stone Soup version 0.21.0 (webtiles) character file.

36 Hekarica the Magician (level 3, 0/24 HPs)
             Began as a Mummy Fire Elementalist on May 19, 2018.
             Slain by a hobgoblin
             ... wielding a +0 club
              (7 damage)
             ... on level 1 of the Dungeon.
             The game lasted 00:07:28 (768 turns).

Hekarica the Magician (Mummy Fire Elementalist)      Turns: 768, Time: 00:07:28

Health: 0/24       AC:  2    Str: 11    XL:     3   Next: 19%
Magic:  3/7        EV: 12    Int: 15    God:
Gold:   33         SH:  0    Dex: 12    Spells: 5/8 levels left

rFire    x . .     SeeInvis .   c - +0 club
rCold    + . .     Gourm    .   (no shield)
rNeg     + + +     Faith    .   a - +0 robe
rPois    ∞         Spirit   .   (no helmet)
rElec    .         Reflect  .   (no cloak)
rCorr    .         Harm     .   (no gloves)
MR       .....                  (no boots)
Stlth    ++........             (no amulet)
HPRegen  0.08/turn              (no ring)
MPRegen  0.10/turn              (no ring)

@: no status effects
A: no food or potions, fire vulnerability, cold resistance 1, negative energy
resistance 3, torment resistance, unbreathing
a: no special abilities


You were on level 1 of the Dungeon.
You were not hungry.

You visited 1 branch of the dungeon, and saw 1 of its levels.

You collected 33 gold pieces.

Inventory:

Hand Weapons
 c - a +0 club (weapon)
Armour
 a - a +0 robe (worn)
Scrolls
 d - 2 scrolls of identify {unknown}
 e - a scroll of fear {unknown}
 f - a scroll of teleportation {unknown}
Books
 b - a book of Flames

   Spells                             Type                      Level
   a - Flame Tongue                   Conjuration/Fire             1
   b - Throw Flame                    Conjuration/Fire             2
   c - Conjure Flame                  Conjuration/Fire             3
   d - Inner Flame                    Hexes/Fire                   3
   e - Sticky Flame                   Conjuration/Fire             4
   f - Fireball                       Conjuration/Fire             5


   Skills:
 * Level 2.0 Dodging
 + Level 1.8 Stealth
 + Level 3.2 Spellcasting
 + Level 1.0 Conjurations
 * Level 2.8 Fire Magic


You had 5 spell levels left.
You knew the following spells:

 Your Spells              Type           Power        Failure   Level  Hunger
a - Flame Tongue          Conj/Fire      #....        9%          1    N/A
b - Throw Flame           Conj/Fire      #.....       13%         2    N/A

Dungeon Overview and Level Annotations

Branches:
Dungeon (1/15)

Altars:


Innate Abilities, Weirdness & Mutations

You do not eat or drink.
Your flesh is vulnerable to fire.
You are immune to poison.
Your flesh is cold resistant. (rC+)
You are immune to negative energy. (rN+++)
You are immune to unholy pain and torment.
You can survive without breathing.


Message History

You closely miss the hobgoblin.
The hobgoblin is heavily wounded.
The hobgoblin misses you.
You hit the hobgoblin.
The hobgoblin is almost dead.
The hobgoblin barely misses you.
You closely miss the hobgoblin.
The hobgoblin is almost dead.
The hobgoblin closely misses you.
You barely miss the hobgoblin.
The hobgoblin is almost dead.
The hobgoblin hits you with a club.
You barely miss the hobgoblin.
The hobgoblin is almost dead.
The hobgoblin hits you with a club.
* * * LOW HITPOINT WARNING * * *
You hit the hobgoblin but do no damage.
The hobgoblin is almost dead.
The hobgoblin hits you with a club!
You die...

#### #.. ### #.# # ..#
#######.# ###.# ..#
#.......##....# ..#
######.######(...# ..#
#......# ###..8..# ..#
#......###...⌠)..#
.####........#.#@.8..#
..............>#g...##
.###.......#...#.##.#
.# #.......#.###.# .#
.# #....####.. ..# .#
.. #....# # ..... ..
..#+## ### .....+
.....#


You could see a hobgoblin.

Vanquished Creatures
  3 oozes (D:1)
  A dart slug (D:1)
  A giant cockroach (D:1)
  3 goblins (D:1)
  5 hobgoblins (D:1)
  2 jackals (D:1)
  A bat (D:1)
  A kobold (D:1)
  3 rats (D:1)
20 creatures vanquished.

Notes
Turn   | Place    | Note
-------+----------+-------------------------------------------
     0 | D:1      | Hekarica the Mummy Fire Elementalist began the quest for the Orb.
     0 | D:1      | Reached XP level 1. HP: 13/13 MP: 4/4
   386 | D:1      | Reached XP level 2. HP: 12/19 MP: 1/5
   477 | D:1      | Learned a level 2 spell: Throw Flame
   544 | D:1      | Reached skill level 3 in Spellcasting
   571 | D:1      | Reached skill level 1 in Conjurations
   620 | D:1      | Reached XP level 3. HP: 24/24 MP: 1/7
   768 | D:1      | Slain by a hobgoblin

Skill      XL: |  1  2 |
---------------+-------+-----
Spellcasting   | 3 |  3.2
Dodging        | 2 |  2.0
Conjurations   | 1 |  1.0
Stealth        | |  1.8
Fire Magic     | |  2.8

Action                   || total
-------------------------++-------
Melee: Club              ||    51
       Unarmed           ||    10
 Cast: Flame Tongue      ||    13
       Throw Flame       ||    11
 Stab: Sleeping          ||     1
Armor: Robe              ||     4
Dodge: Dodged            ||    41
